Map: Ice and Chrome LE

Players

Astrea

  • Race: Protoss Protoss
  • League: Master
  • Spawn Location: 1:00

Scarlett - Winner!

  • Race: Zerg Zerg
  • Spawn Location: 7:00

Event: DreamHack SC2 Masters 2020 Fall

VOD

Have the link to the VOD?

Description

Time

  • Played on: Sept. 9, 2020, 7:35 p.m.
  • Length: 59:12

All games in this series

Show
View Real Time Build Order
Export as new Build Order

Astrea Protoss 

Build Orders: 1 Gate Expand, Oracle Opening, Carriers 

Get SALT Encoding   

  12  0:00  Probe  
  13  0:12  Probe  
  14  0:20  Pylon  
  14  0:24  Probe  
  15  0:38  Probe (Chrono Boost)  
  16  0:44  Gateway  
  16  0:47  Probe (Chrono Boost)  
  17  0:50  Assimilator  
  17  0:52  Probe (Chrono Boost)  
  18  1:04  Probe  
  19  1:17  Probe  
  20  1:26  Nexus  
  20  1:38  Cybernetics Core  
  20  1:40  Probe  
  21  1:48  Assimilator  
  21  1:52  Probe  
  22  1:56  Pylon  
  22  2:04  Probe  
  23  2:11  Adept (Chrono Boost)  
  25  2:18  Probe (Chrono Boost)  
  25  2:21  Stargate  
  27  2:30  Probe (Chrono Boost)  
  27  2:32  Adept (Chrono Boost)  
  27  2:35  Probe (Chrono Boost)  
  30  2:38  Probe  
  31  2:44  Probe  
  31  2:48  Warp Gate  
  31  2:50  Probe  
  33  2:56  Probe  
  34  3:02  Oracle (Chrono Boost), Probe  
  38  3:08  Probe  
  39  3:14  Probe  
  40  3:20  Gateway, Probe  
  40  3:25  Void Ray (Chrono Boost)  
  40  3:26  Probe  
  42  3:32  Pylon  
  46  3:39  Pylon  
  46  3:50  Probe x2  
  48  3:59  Oracle (Chrono Boost)  
  48  4:02  Probe x2  
  53  4:07  Nexus  
  53  4:10  Pylon  
  53  4:14  Probe x2  
  55  4:20  Assimilator x2  
  55  4:26  Probe (Chrono Boost)  
  55  4:30  Probe (Chrono Boost)  
  57  4:38  Sentry x2, Probe (Chrono Boost)  
  60  4:42  Probe (Chrono Boost)  
  60  4:43  Probe (Chrono Boost)  
  60  4:44  Shield Battery  
  64  4:48  Pylon  
  64  4:51  Probe  
  65  4:53  Probe  
  65  4:55  Forge  
  65  4:57  Twilight Council  
  66  5:03  Pylon, Probe  
  66  5:05  Sentry, Probe  
  70  5:15  Probe  
  70  5:17  Probe  
  70  5:19  Probe  
  70  5:20  Robotics Facility  
  73  5:24  Pylon  
  73  5:27  Probe (Chrono Boost)  
  74  5:29  Probe (Chrono Boost)  
  74  5:31  Probe (Chrono Boost)  
  74  5:33  Protoss Ground Weapons Level 1 (Chrono Boost)  
  72  5:39  Probe (Chrono Boost)  
  72  5:40  Probe (Chrono Boost)  
  72  5:41  Probe (Chrono Boost)  
  75  5:44  Probe (Chrono Boost)  
  75  5:45  Probe (Chrono Boost)  
  75  5:46  Probe (Chrono Boost)  
  75  5:48  Gateway  
  75  5:49  Gateway  
  78  5:52  Adept  
  78  5:53  Blink (Chrono Boost), Gateway  
  78  5:55  Gateway  
  82  5:58  Gateway  
  82  5:59  Gateway  
  80  6:04  Sentry  
  80  6:08  Observer (Chrono Boost)  
  83  6:12  Assimilator  
  83  6:14  Assimilator, Sentry, Pylon  
  85  6:20  Probe x3  
  85  6:23  Pylon  
  88  6:25  Warp Prism (Chrono Boost)  
  88  6:26  Pylon  
  90  6:38  Stalker x2  
  94  6:41  Probe x2  
  94  6:42  Pylon  
  96  6:49  Stalker x2  
  96  6:50  Stalker x2  
  96  6:53  Pylon  
  104  6:55  Pylon  
  104  6:57  Stalker x2  
  108  7:07  Robotics Bay  
  108  7:09  Stalker x2  
  108  7:10  Robotics Facility  
  112  7:16  Photon Cannon  
  112  7:23  Stalker x5  
  112  7:24  Stalker  
  124  7:31  Charge  
  124  7:36  Protoss Ground Weapons Level 2 (Chrono Boost)  
  124  7:52  Stalker x5  
  133  8:05  Pylon  
  133  8:07  Pylon  
  133  8:11  Nexus  
  139  8:14  Colossus (Chrono Boost)  
  139  8:15  Colossus (Chrono Boost)  
  139  8:19  Probe x3  
  148  8:23  Pylon  
  148  8:29  Extended Thermal Lance, Shield Battery, Photon Cannon  
  148  8:31  Probe x3  
  151  8:38  Pylon  
  151  8:41  Shield Battery  
  151  8:43  Probe  
  151  8:47  Probe x2  
  154  8:51  Observer (Chrono Boost)  
  155  8:55  Assimilator, Probe  
  155  8:58  Assimilator  
  155  8:59  Probe x2, Photon Cannon  
  164  9:06  Colossus (Chrono Boost)  
  164  9:07  Stalker x2, Probe  
  164  9:08  Stalker  
  171  9:11  Probe  
  170  9:23  Stalker x4  
  170  9:24  Stalker  
  180  9:35  Warp Prism (Chrono Boost)  
  182  9:40  Templar Archives  
  182  9:45  Zealot x3, Gateway  
  188  9:46  Gateway  
  186  10:09  Psionic Storm, Gravitic Drive  
  186  10:13  Zealot x7  
  190  10:24  Gateway  
  190  10:26  Gateway  
  178  10:32  Gateway x2  
  178  10:40  Zealot x6  
  178  10:42  Nexus, Stalker  
  184  11:01  Zealot x5  
  192  11:09  High Templar x5  
  193  11:22  Zealot x7  
  184  11:32  Probe  
  184  11:33  Zealot x2, Probe x3  
  180  11:42  Zealot  
  180  11:43  Zealot x3  
  180  11:45  Probe x2  
  188  11:48  Probe x2  
  188  11:54  Protoss Ground Weapons Level 3 (Chrono Boost)  
  188  11:55  High Templar  
  188  11:56  High Templar  
  188  11:57  Probe x2  
  188  12:00  Probe x2  
  186  12:12  Zealot x5  
  186  12:14  Probe  
  197  12:16  Archon  
  197  12:17  Zealot  
  199  12:27  Probe  
  172  12:44  Probe  
  149  12:45  Disruptor x2  
  149  12:46  Probe x2  
  149  12:47  High Templar x5, Probe x2  
  159  12:51  Zealot x3  
  159  12:56  Assimilator, Probe  
  158  12:58  Probe  
  158  12:59  Probe  
  158  13:00  Probe  
  158  13:01  Probe  
  156  13:09  High Templar x2  
  156  13:10  Probe  
  156  13:11  Probe x2  
  161  13:13  Probe  
  154  13:22  Observer x2 (Chrono Boost)  
  154  13:23  Probe x2  
  154  13:24  Probe x2  
  154  13:25  Probe  
  159  13:31  Pylon  
  159  13:33  Assimilator  
  159  13:35  Probe  
  159  13:36  Probe x3  
  159  13:37  Pylon  
  159  13:38  Pylon  
  163  13:42  Disruptor  
  163  13:43  Disruptor  
  163  13:44  Probe  
  163  13:48  Zealot, Probe x4  
  172  13:49  Zealot x2  
  178  13:58  Photon Cannon  
  178  13:59  Shield Battery  
  178  14:17  High Templar  
  178  14:18  High Templar x3  
  178  14:19  Zealot x5, High Templar x2  
  178  14:23  Archon x2  
  178  14:24  Archon  
  200  14:29  Assimilator  
  200  14:31  Assimilator  
  200  14:32  Photon Cannon, Pylon  
  200  14:33  Pylon  
  200  14:35  Protoss Shields Level 1 (Chrono Boost)  
  200  14:36  Photon Cannon  
  200  14:51  Observer  
  200  14:52  Nexus  
  194  15:10  Gravitic Boosters  
  194  15:12  Fleet Beacon  
  192  15:14  Stargate  
  192  15:16  Stargate  
  192  15:17  Disruptor x2, Protoss Air Weapons Level 1 (Chrono Boost)  
  170  15:25  Zealot x12  
  178  15:44  Pylon  
  178  15:45  Probe x5  
  178  15:48  Assimilator  
  183  15:52  Assimilator  
  183  15:57  Probe x2  
  191  16:00  Disruptor (Chrono Boost)  
  191  16:03  Zealot x3  
  191  16:04  Zealot  
  199  16:12  Stargate  
  199  16:13  Stargate  
  199  16:15  Observer (Chrono Boost)  
  199  16:18  Protoss Shields Level 2 (Chrono Boost)  
  190  16:27  Nexus  
  190  16:43  Protoss Air Weapons Level 2 (Chrono Boost)  
  190  16:46  Photon Cannon  
  190  16:47  Photon Cannon  
  190  16:50  Shield Battery  
  190  16:53  Pylon  
  190  17:08  Carrier (Chrono Boost)  
  196  17:17  Dark Shrine  
  192  17:28  Observer  
  192  17:29  High Templar x4  
  194  17:43  Carrier x3 (Chrono Boost)  
  196  17:44  High Templar x2  
  199  18:10  Nexus  
  199  18:12  Gateway  
  195  18:14  Gateway x2  
  195  18:15  Carrier (Chrono Boost)  
  195  18:16  Gateway  
  195  18:33  Carrier (Chrono Boost)  
  193  18:35  Pylon  
  193  18:37  Assimilator  
  193  18:40  Observer (Chrono Boost)  
  200  18:42  Assimilator  
  191  19:03  High Templar x4  
  191  19:04  Carrier x2 (Chrono Boost)  
  191  19:05  Carrier (Chrono Boost)  
  179  19:31  Warp Prism (Chrono Boost)  
  173  19:40  Photon Cannon  
  173  19:41  Photon Cannon  
  173  19:43  Protoss Air Weapons Level 3 (Chrono Boost), Photon Cannon  
  173  19:44  Photon Cannon  
  173  19:46  Shield Battery, Carrier x2  
  173  19:47  Shield Battery  
  175  20:01  Carrier  
  175  20:02  Carrier  
  162  20:09  Observer (Chrono Boost)  
  157  20:14  Carrier  
  167  20:29  Zealot x14  
  167  20:33  Observer (Chrono Boost)  
  167  20:35  Observer (Chrono Boost)  
  192  20:47  Warp Prism (Chrono Boost)  
  192  20:54  Zealot x3  
  199  21:20  Observer (Chrono Boost)  
  198  21:31  High Templar x4  
  192  21:38  Carrier  
  196  21:43  Zealot x3  
  200  21:49  Nexus  
  190  22:07  Zealot x5  
  200  22:08  Protoss Shields Level 3 (Chrono Boost), Shadow Stride (Chrono Boost)  
  200  22:10  Pylon  
  200  22:13  Assimilator  
  200  22:14  Assimilator  
  200  22:15  Zealot, Protoss Air Armor Level 1  
  190  22:16  Zealot x5, Void Ray (Chrono Boost)  
  190  22:17  Void Ray (Chrono Boost)  
  190  22:18  Pylon  
  190  22:26  Zealot x3  
  190  22:28  Zealot x5  
  178  22:33  Shield Battery  
  178  22:35  Shield Battery  
  176  22:37  Observer (Chrono Boost)  
  176  22:38  Photon Cannon  
  176  22:40  Photon Cannon  
  176  22:41  Photon Cannon  
  177  22:48  Unknown  
  177  22:51  Zealot x2, High Templar  
  177  22:52  Zealot x8  
  199  23:04  Void Ray (Chrono Boost)  
  191  23:09  Zealot x3  
  197  23:13  Nexus  
  197  23:14  Pylon  
  194  23:23  Void Ray  
  188  23:41  Observer (Chrono Boost)  
  188  23:44  High Templar  
  188  23:45  Zealot x5  
  193  24:07  Void Ray x5  
  148  24:14  Zealot x8  
  148  24:15  Zealot x5  
  190  24:44  Zealot x14, Void Ray  
  198  24:46  Protoss Air Armor Level 2 (Chrono Boost)  
  200  24:59  Warp Prism (Chrono Boost), Photon Cannon  
  200  25:01  Photon Cannon  
  200  25:04  Photon Cannon  
  200  25:06  High Templar, Shield Battery  
  200  25:18  Photon Cannon  
  200  25:19  Photon Cannon  
  190  25:22  Photon Cannon  
  190  25:23  Shield Battery  
  190  25:24  Protoss Ground Armor Level 1 (Chrono Boost)  
  190  25:27  High Templar x2  
  188  25:34  Pylon  
  188  25:40  Dark Templar x5  
  198  25:48  High Templar  
  200  26:10  Archon  
  192  26:12  Zealot x5  
  168  26:26  Zealot x2  
  168  26:27  Zealot x6  
  178  26:36  Tempest  
  183  26:46  Void Ray  
  169  27:00  High Templar x5  
  179  27:10  High Templar x3  
  179  27:11  Archon x2  
  179  27:15  Archon  
  185  27:22  Void Ray (Chrono Boost)  
  185  27:31  Void Ray (Chrono Boost)  
  185  27:32  Void Ray (Chrono Boost)  
  197  27:51  Zealot x5  
  191  28:02  Void Ray  
  191  28:03  Void Ray x2  
  185  28:08  Void Ray  
  199  28:34  Observer  
  195  29:00  Observer (Chrono Boost)  
  195  29:01  Zealot x3  
  199  29:21  Observer (Chrono Boost)  
  200  29:32  Photon Cannon  
  200  29:35  Photon Cannon  
  200  29:37  Shield Battery  
  198  29:38  Photon Cannon  
  198  29:39  Pylon  
  198  29:40  Photon Cannon  
  198  29:42  Pylon  
  184  30:12  Protoss Ground Armor Level 2 (Chrono Boost)  
  184  30:14  Zealot x6  
  184  30:15  Zealot x2  
  184  30:20  Observer  
  200  30:29  Protoss Air Armor Level 3 (Chrono Boost)  
  178  30:45  Archon  
  178  30:47  Zealot x8, High Templar x2  
  178  30:48  Zealot  
  196  30:53  Oracle  
  196  30:54  Oracle  
  194  31:12  Zealot x4  
  192  31:23  Zealot x2  
  192  31:24  Zealot x7  
  184  31:36  Observer  
  178  31:43  Zealot x3, High Templar x2  
  178  31:44  Zealot x7  
  189  32:06  Zealot x4  
  189  32:07  Zealot x7  
  197  32:10  High Templar  
  197  32:11  Void Ray x3  
  197  32:12  Void Ray x2  
  174  32:37  Zealot x3, Nexus  
  171  32:48  Void Ray x2  
  171  32:49  Void Ray x3  
  191  33:01  High Templar x4  
  191  33:05  Archon  
  199  33:08  Observer (Chrono Boost)  
  188  34:09  Protoss Ground Armor Level 3 (Chrono Boost)  
  188  34:12  High Templar  
  188  34:13  Zealot x2, High Templar x3  
  200  34:19  Observer  
  200  34:20  Archon x2  
  189  35:04  Tempest x2 (Chrono Boost)  
  182  35:38  Zealot x11  
  200  35:47  Archon  
  194  35:50  High Templar x2  
  197  35:57  Unknown  
  197  36:01  Observer  
  188  36:14  Zealot x8  
  198  36:19  Dark Templar  
  199  36:41  Observer  
  197  36:48  Zealot  
  191  37:04  Observer  
  189  37:10  Archon  
  189  37:11  High Templar x2  
  191  37:34  Assimilator  
  181  37:41  Assimilator  
  170  37:46  Tempest x3  
  170  37:47  Tempest x2  
  191  37:56  Archon  
  191  37:57  Zealot x4  
  198  38:18  High Templar x2  
  192  38:29  Tempest  
  195  38:40  Pylon x2  
  195  38:57  Photon Cannon  
  195  39:08  Tempest  
  192  39:44  Photon Cannon  
  192  39:45  High Templar x2  
  196  39:46  Shield Battery  
  196  39:47  Shield Battery, Photon Cannon  
  196  39:48  Shield Battery  
  196  39:49  Shield Battery  
  196  39:50  Shield Battery  
  196  39:52  Shield Battery  
  196  40:02  Photon Cannon  
  196  40:03  Photon Cannon  
  196  40:04  Shield Battery  
  196  40:06  Shield Battery  
  196  40:27  Dark Templar  
  185  40:58  High Templar x2  
  185  41:51  Void Ray  
  185  41:52  Void Ray x4  
  173  41:54  Observer (Chrono Boost)  
  191  42:10  High Templar  
  191  42:11  High Templar x2  
  197  42:29  Void Ray  
  196  43:21  Oracle  
  191  43:36  Dark Templar x2  
  191  43:37  Dark Templar x2  
  197  43:50  Observer  
  198  44:03  Observer  
  198  44:06  Observer  
  193  44:36  Observer  
  189  45:27  Observer  
  187  46:59  Observer  
  187  47:44  Void Ray  
  187  47:45  Void Ray x2  
  179  50:25  Oracle  
  177  51:51  Zealot  
  161  54:03  Archon  
  7  55:34  Observer  
  5  57:00  High Templar, Stalker x2  
  11  57:40  Observer  
  11  57:56  Observer  
Show
View Real Time Build Order
Export as new Build Order

Scarlett Zerg - Winner!

Build Orders: Hatch First, Lurkers 

Get SALT Encoding   

  12  0:00  Drone  
  13  0:12  Overlord  
  13  0:16  Drone  
  14  0:30  Drone x2  
  16  0:45  Drone  
  16  0:46  Drone  
  18  0:53  Hatchery  
  17  0:57  Drone  
  17  1:00  Extractor  
  17  1:12  Spawning Pool  
  17  1:15  Drone  
  17  1:17  Drone  
  18  1:27  Drone  
  20  1:40  Drone  
  20  1:51  Overlord  
  20  1:58  Queen  
  22  2:05  Queen  
  22  2:06  Metabolic Boost  
  24  2:08  Zergling x2  
  24  2:09  Drone  
  24  2:10  Drone  
  27  2:16  Drone  
  27  2:21  Drone  
  29  2:28  Drone  
  32  2:40  Drone, Hatchery  
  30  2:44  Overlord  
  30  2:45  Zergling x2  
  31  2:51  Queen  
  31  2:55  Drone x2  
  35  3:04  Drone x2  
  37  3:07  Drone x2  
  37  3:08  Zergling x2  
  37  3:11  Zergling x2  
  40  3:17  Drone  
  40  3:18  Queen  
  43  3:26  Spore Crawler  
  42  3:28  Spore Crawler  
  42  3:29  Queen  
  43  3:39  Overlord  
  43  3:44  Overlord  
  43  3:49  Drone  
  43  3:52  Drone x4  
  43  3:54  Queen  
  49  3:57  Drone  
  49  4:01  Drone x3  
  53  4:05  Spore Crawler  
  53  4:08  Drone x2  
  54  4:11  Drone x2  
  54  4:17  Drone x3  
  56  4:21  Overlord  
  58  4:25  Evolution Chamber  
  58  4:28  Overlord, Zergling x2  
  57  4:35  Lair  
  57  4:38  Baneling Nest  
  56  4:39  Drone, Extractor  
  56  4:40  Zergling x2  
  56  4:41  Overlord  
  56  4:42  Drone  
  56  4:43  Drone  
  56  4:45  Drone  
  60  4:46  Drone  
  60  4:47  Drone  
  60  4:49  Drone  
  63  4:56  Drone x5  
  63  4:58  Zerg Melee Weapons Level 1  
  63  4:59  Drone  
  69  5:05  Extractor  
  68  5:08  Drone  
  68  5:09  Drone x5  
  68  5:11  Zergling x2  
  75  5:15  Zergling x4  
  76  5:22  Drone x3, Spore Crawler  
  76  5:26  Drone  
  76  5:27  Drone x4  
  80  5:32  Extractor  
  80  5:33  Extractor  
  80  5:35  Drone x2, Extractor  
  78  5:36  Centrifical Hooks  
  78  5:37  Hydralisk Den  
  78  5:40  Drone  
  78  5:41  Drone x3, Overseer  
  81  5:47  Queen  
  81  5:48  Drone  
  81  5:49  Overlord x2  
  82  5:54  Overlord  
  82  5:55  Overlord x2  
  82  6:04  Pneumatized Carapace  
  82  6:10  Drone x2  
  84  6:12  Grooved Spines, Hydralisk x2  
  84  6:16  Hydralisk  
  90  6:18  Hydralisk  
  90  6:20  Hatchery  
  90  6:25  Hydralisk x2  
  91  6:30  Hydralisk  
  91  6:31  Hydralisk  
  91  6:32  Zergling x12  
  105  6:36  Drone  
  106  6:42  Overseer  
  106  6:43  Drone  
  106  6:44  Drone x2  
  106  6:45  Drone x3  
  112  6:48  Spore Crawler  
  112  6:49  Drone  
  112  6:51  Drone, Evolution Chamber  
  112  6:52  Drone x4  
  116  6:58  Zerg Melee Weapons Level 2  
  116  7:00  Drone x4  
  120  7:04  Drone  
  120  7:07  Infestation Pit  
  120  7:09  Extractor  
  120  7:13  Extractor  
  120  7:14  Hydralisk x2  
  122  7:23  Overlord x5  
  122  7:24  Zerg Missile Weapons Level 1  
  122  7:26  Muscular Augments  
  120  7:32  Overlord  
  120  7:33  Baneling x14  
  120  7:40  Zergling x2  
  120  7:42  Hydralisk x2  
  120  7:43  Hydralisk x2  
  127  7:44  Zergling x4  
  129  7:53  Hive  
  129  7:54  Zergling x12  
  135  8:01  Hydralisk  
  135  8:02  Hydralisk x2, Zergling x4  
  135  8:03  Zergling x4  
  145  8:12  Overlord x2  
  145  8:13  Overlord x2  
  145  8:16  Drone x2  
  145  8:17  Drone x3  
  150  8:25  Overlord  
  150  8:28  Hatchery  
  150  8:31  Lurker Den  
  148  8:35  Drone x2  
  148  8:37  Zergling x2  
  148  8:38  Zergling x14  
  158  8:44  Baneling x9  
  158  8:45  Hydralisk x3  
  163  8:58  Hydralisk x7  
  177  9:09  Baneling  
  176  9:18  Overlord  
  176  9:22  Hydralisk x2  
  176  9:23  Zergling x20  
  185  9:24  Zerg Melee Weapons Level 3, Adrenal Glands, Zerg Missile Weapons Level 2  
  185  9:31  Lurker x3, Overlord  
  185  9:36  Seismic Spines  
  182  9:59  Lurker x5  
  187  10:00  Zergling x20  
  187  10:03  Baneling x3  
  197  10:12  Extractor  
  196  10:14  Extractor, Spine Crawler  
  196  10:18  Lurker x3, Spine Crawler  
  196  10:21  Spine Crawler, Baneling x4  
  186  10:24  Spore Crawler  
  186  10:26  Lurker  
  186  10:28  Baneling x2  
  181  10:30  Zergling x26  
  194  10:36  Baneling  
  194  10:37  Baneling x3  
  191  10:51  Spine Crawler  
  191  10:52  Spore Crawler  
  189  10:57  Viper x2  
  189  11:00  Adaptive Talons  
  189  11:04  Drone, Zergling x6  
  198  11:05  Drone  
  197  11:17  Zergling x16  
  197  11:24  Zergling x12  
  199  11:27  Overseer x4  
  180  11:40  Zergling x30  
  180  11:43  Drone x2  
  180  11:44  Zergling x4  
  180  11:45  Zergling x2  
  196  11:49  Zergling x8  
  196  11:53  Zerg Missile Weapons Level 3  
  186  12:08  Zergling x14  
  176  12:22  Hydralisk x14  
  137  12:41  Hydralisk x9  
  135  13:02  Viper  
  135  13:10  Viper, Hatchery  
  136  13:17  Drone x3  
  135  13:31  Drone x4  
  135  13:32  Drone  
  138  13:49  Drone x4  
  138  13:51  Drone x3  
  138  13:53  Drone  
  138  13:55  Drone  
  147  14:01  Lurker x2  
  147  14:02  Lurker  
  150  14:03  Lurker  
  150  14:05  Drone  
  152  14:16  Lurker x6  
  156  14:19  Drone x2  
  159  14:24  Drone x4  
  159  14:28  Lurker x3  
  165  14:36  Queen  
  165  14:37  Drone  
  165  14:38  Drone x2  
  169  14:39  Drone  
  169  14:42  Drone, Extractor  
  171  14:50  Drone x2  
  171  14:51  Drone x6  
  177  14:55  Extractor  
  171  15:00  Viper  
  171  15:01  Viper x3  
  183  15:12  Zerg Ground Armor Level 1  
  183  15:18  Spine Crawler  
  183  15:19  Spine Crawler  
  150  15:33  Zergling x2  
  150  15:34  Zergling x24  
  157  15:43  Lurker  
  157  15:44  Lurker x7, Hydralisk x3  
  157  15:45  Zergling x8  
  175  15:50  Drone, Queen  
  175  15:57  Viper  
  177  16:03  Queen  
  182  16:04  Hydralisk  
  182  16:05  Hydralisk x2  
  182  16:09  Drone x6, Spore Crawler  
  182  16:11  Spore Crawler  
  192  16:14  Spine Crawler  
  191  16:21  Hydralisk x3  
  191  16:22  Hydralisk  
  191  16:25  Drone  
  200  16:32  Spire  
  193  16:43  Spore Crawler  
  193  16:46  Drone x3  
  195  16:54  Drone x2  
  195  16:55  Drone x3  
  194  17:28  Overseer x3  
  188  17:38  Zerg Ground Armor Level 2  
  188  17:42  Zergling x28  
  181  18:13  Spine Crawler  
  181  18:14  Spine Crawler  
  181  18:16  Zergling x28, Spore Crawler  
  181  18:19  Hydralisk x5  
  198  18:24  Zerg Flyer Weapons Level 1  
  197  18:30  Spire  
  192  18:58  Hatchery  
  191  19:03  Hatchery  
  191  19:04  Hydralisk x5  
  200  19:17  Hydralisk  
  190  19:28  Hydralisk x8  
  165  19:54  Corruptor  
  165  19:55  Corruptor x14  
  186  20:06  Hydralisk x5  
  182  20:24  Zerg Flyer Weapons Level 2  
  182  20:25  Zerg Flyer Armor Level 1  
  182  20:28  Extractor  
  182  20:30  Viper x2  
  182  20:31  Viper  
  182  20:33  Lurker x2  
  182  20:34  Lurker x4  
  178  20:36  Extractor  
  177  20:43  Zergling x16  
  177  20:45  Extractor  
  177  20:47  Extractor  
  183  20:50  Drone x14  
  197  21:07  Zerg Ground Armor Level 3  
  197  21:09  Corruptor  
  199  21:18  Spore Crawler  
  199  21:24  Overlord  
  199  21:25  Overlord x2  
  192  21:26  Spore Crawler x3  
  183  21:36  Overlord x2  
  183  21:37  Overseer x7  
  181  21:42  Zergling x18  
  181  21:43  Zergling x4  
  181  21:46  Zergling x22  
  197  22:17  Corruptor  
  190  22:25  Corruptor x7  
  196  22:33  Zergling x12  
  199  22:43  Spore Crawler x5  
  199  22:44  Zerg Flyer Weapons Level 3, Greater Spire  
  194  22:46  Spore Crawler x2  
  194  22:47  Spore Crawler  
  194  22:49  Corruptor x4  
  195  23:17  Zergling x10  
  196  23:28  Zergling x12  
  194  23:40  Baneling x3  
  194  23:41  Baneling x3  
  193  23:42  Zergling x12  
  199  23:49  Spore Crawler  
  199  23:54  Zergling x10  
  171  24:11  Corruptor x6  
  171  24:12  Corruptor x5  
  184  24:36  Zergling x30  
  195  24:42  Hatchery  
  195  24:43  Spore Crawler  
  195  24:45  Spore Crawler  
  180  24:50  Baneling x5  
  180  24:53  Zerg Flyer Armor Level 2  
  180  24:55  Drone x2  
  180  24:56  Drone x5  
  187  25:00  Baneling x6  
  187  25:07  Baneling x2  
  187  25:08  Baneling  
  187  25:13  Drone x7  
  182  25:30  Zergling x18  
  182  25:33  Pathogen Glands  
  190  25:42  Baneling x8  
  190  25:43  Baneling  
  190  25:47  Drone x8  
  198  25:50  Extractor  
  198  25:51  Drone x2  
  185  26:24  Zergling x28  
  185  26:25  Overseer  
  197  26:30  Hydralisk x3  
  198  26:56  Drone  
  199  27:04  Spore Crawler x2  
  199  27:05  Spore Crawler  
  196  27:15  Infestor  
  196  27:17  Burrow  
  196  27:18  Zerg Flyer Armor Level 3  
  198  27:27  Extractor  
  198  27:28  Extractor, Hatchery  
  194  27:41  Spore Crawler  
  194  27:43  Spore Crawler  
  191  27:44  Spore Crawler  
  191  27:45  Spore Crawler  
  191  27:46  Spore Crawler x2  
  191  27:47  Spore Crawler  
  186  27:58  Infestor x8  
  195  28:21  Drone x4  
  195  28:24  Spore Crawler  
  195  28:25  Spore Crawler x2  
  196  28:27  Infestor x6, Spore Crawler  
  196  28:28  Spore Crawler  
  196  28:33  Spine Crawler  
  196  28:34  Spine Crawler, Baneling x6  
  193  28:36  Spine Crawler  
  191  28:42  Neural Parasite  
  189  28:54  Hydralisk x10  
  193  29:05  Zergling x10  
  193  29:06  Zergling x4  
  200  29:48  Spine Crawler  
  200  29:49  Spine Crawler  
  200  29:51  Spine Crawler  
  200  29:52  Spine Crawler  
  189  30:07  Queen  
  191  30:14  Spore Crawler  
  191  30:17  Drone x8, Spine Crawler  
  191  30:19  Spine Crawler  
  191  30:20  Spore Crawler x2  
  191  30:21  Spine Crawler  
  193  30:26  Infestor  
  193  30:29  Lurker x2  
  188  30:37  Hydralisk x4  
  188  30:38  Zergling x12  
  190  30:52  Zergling x14  
  190  30:56  Queen  
  199  31:07  Zergling x2  
  180  31:35  Zergling x2  
  180  31:36  Zergling x36  
  197  31:42  Zergling x4  
  199  31:48  Spine Crawler  
  199  31:50  Brood Lord  
  197  32:05  Hatchery  
  190  32:09  Brood Lord x2  
  190  32:10  Brood Lord x4  
  198  32:16  Baneling x4  
  198  32:20  Infestor x5  
  198  32:27  Spore Crawler  
  198  32:28  Overseer  
  198  32:29  Spore Crawler x2  
  195  32:30  Spore Crawler  
  195  32:31  Spore Crawler x2  
  195  32:33  Spore Crawler  
  188  32:49  Hydralisk  
  188  32:50  Hydralisk x4, Zergling x2  
  188  32:51  Zergling x22  
  198  32:52  Corruptor  
  199  33:47  Spore Crawler  
  194  33:52  Spore Crawler x2  
  189  34:04  Infestor x5  
  189  34:07  Spore Crawler  
  189  34:08  Spore Crawler  
  189  34:09  Extractor  
  196  34:12  Spore Crawler  
  195  34:28  Spore Crawler  
  195  34:30  Spore Crawler  
  195  34:31  Spore Crawler  
  191  34:32  Spore Crawler  
  191  34:33  Spore Crawler  
  189  34:59  Drone x7  
  188  35:07  Spore Crawler  
  187  35:08  Drone, Spore Crawler  
  187  35:10  Spore Crawler  
  186  35:41  Spore Crawler x3  
  179  35:43  Spore Crawler x2  
  179  35:44  Spore Crawler  
  172  35:59  Spore Crawler  
  170  36:15  Hatchery  
  170  36:16  Drone x6  
  170  36:17  Spine Crawler  
  170  36:18  Infestor x2  
  174  36:20  Spine Crawler  
  174  36:24  Hydralisk, Zergling x2  
  174  36:25  Zergling x14  
  186  36:37  Drone  
  186  36:38  Drone x2  
  189  36:43  Spine Crawler x2, Spore Crawler  
  177  37:08  Drone x3  
  177  37:12  Spore Crawler  
  177  37:13  Spore Crawler  
  177  37:14  Spore Crawler  
  177  37:25  Spore Crawler  
  177  37:26  Spore Crawler  
  150  37:44  Drone x10  
  158  37:54  Zergling x18  
  161  38:20  Lurker x2  
  161  38:21  Lurker  
  164  39:12  Spore Crawler  
  164  39:13  Spore Crawler  
  162  39:18  Spore Crawler  
  162  39:19  Spore Crawler  
  156  39:59  Brood Lord  
  160  40:00  Brood Lord x3  
  160  40:01  Infestor  
  160  40:02  Infestor x3  
  160  40:03  Infestor  
  160  40:04  Infestor x7, Corruptor x8  
  188  40:34  Spore Crawler  
  188  40:35  Spore Crawler x3  
  185  40:36  Queen  
  185  40:37  Spore Crawler x2  
  182  41:07  Drone x3  
  168  43:08  Corruptor x9  
  186  43:14  Overlord x3  
  186  43:22  Spore Crawler  
  172  44:57  Infestor x5  
  172  44:58  Infestor x2  
  172  44:59  Corruptor x6  
  184  45:31  Viper x2  
  169  48:54  Viper x4  
  166  51:19  Viper x3  
  174  52:33  Infestor  
  89  55:16  Infestor  
  91  56:01  Overseer  

Tags
 
Add a new tag
Caveats
  • Supply blocks, unpowered buildings, or Contaminate may cause inaccurate times.
  • Supply counts are checked every 10 seconds.